 Dungeon Crawl Stone Soup version 0.19-a0-811-gf4045fb (webtiles) character file.

230 hypermopl the Digger (level 6, -1/30 HPs)
             Began as a Vine Stalker Earth Elementalist on June 27, 2016.
             Was an Initiate of Hepliaklqana.
             Killed from afar by an orc wizard (4 damage)
             ... with a magic dart
             ... on level 4 of the Dungeon on June 28, 2016.
             The game lasted 00:10:19 (2390 turns).

hypermopl the Digger (VSEE)                         Turns: 2390, Time: 00:10:20

Health: -1/30      AC:  4    Str: 11    XL:     6   Next: 3%
Magic:  0/10       EV: 13    Int: 15    God:    Hepliaklqana [......]
Gold:   171        SH:  0    Dex: 16    Spells: 2 memorised, 6 levels left

rFire  . . .     SeeInvis .     a - +0 dagger (elec)
rCold  + . .     Gourm    .     c - +0 robe
rNeg   . . .     Faith    .     (no shield)
rPois  .         Spirit   +     (helmet restricted)
rElec  .         Dismiss  .     (no cloak)
rCorr  .         Reflect  .     (no gloves)
SustAt .         Harm     .     h - +1 pair of boots
MR     .....                    (no amulet)
Stlth  +++.......               (no ring)
                                D - ring of protection from cold

@: not resistant to hostile enchantments, fairly stealthy
A: fangs 2, horns 1, regeneration 2, magic shield, antimagic bite, no device
heal 3, rot immunity
a: Recall Ancestor, Ancestor Identity, Renounce Religion


You were on level 4 of the Dungeon.
You worshipped Hepliaklqana.
Hepliaklqana was noncommittal.
You were hungry.

You visited 1 branch of the dungeon, and saw 4 of its levels.

You collected 171 gold pieces.

Inventory:

Hand Weapons
 a - a +0 dagger of electrocution (weapon)
 l - a +1 spear
 m - a +2 whip of venom
 F - a cursed -2 quarterstaff
Missiles
 b - 142 stones (quivered)
 f - 4 poisoned javelins
 o - 8 tomahawks of returning
Armour
 c - a +0 robe (worn)
 h - a +1 pair of boots (worn)
 x - a +0 helmet
Jewellery
 D - a ring of protection from cold (left hand)
Scrolls
 A - a scroll of enchant weapon
Potions
 i - 2 potions of flight
 k - 3 potions of brilliance {unknown}
 q - a potion of magic
 s - a potion of agility {unknown}
 t - a potion of cancellation
 B - a potion of ambrosia
 E - a potion of berserk rage {unknown}
Books
 e - a book of Geomancy

   Spells                             Type                      Level
   a - Sandblast                      Earth                        1
   b - Passwall                       Transmutation/Earth          2
   c - Stone Arrow                    Conjuration/Earth            3
   d - Petrify                        Transmutation/Earth          4
   e - Lee's Rapid Deconstruction     Earth                        5
Comestibles
 d - 4 bread rations
 n - a beef jerky
 p - a royal jelly
 r - 7 fruits
 v - 2 meat rations


   Skills:
 + Level 1.8 Fighting
 + Level 2.3 Dodging
 + Level 4.1 Stealth
 - Level 2.1 Spellcasting
 - Level 1.0 Transmutations
 - Level 5.0 Earth Magic


You had 6 spell levels left.
You knew the following spells:

 Your Spells              Type           Power        Failure   Level  Hunger
a - Sandblast             Erth           ###...       2%          1    #......
p - Passwall              Tmut/Erth      ##........   12%         2    ###....


Dungeon Overview and Level Annotations

Branches:
Dungeon (4/15)
 Temple: D:4-7

Altars:
Hepliaklqana


Innate Abilities, Weirdness & Mutations

You have extremely sharp teeth.
You heal very quickly.
When hurt, damage is shared between your health and your magic reserves.
Your bite disrupts and absorbs the magic of your enemies.
Potions and wands cannot restore your health.
You are immune to rotting.
You have a pair of small horns on your head.


Message History

Something hits you.
* * * LOW HITPOINT WARNING * * *
There is an open door here.
There is an open door here.
Something hits you.
* * * LOW HITPOINT WARNING * * *
You close the door.
Something hits you.
* * * LOW HITPOINT WARNING * * *
An orc opens the door.
An orc and an orc wizard come into view.
You close the door.
You hear some strange, mumbled words.
A puff of frost appears from out of thin air!
The puff of frost hits you! You resist.
* * * LOW HITPOINT WARNING * * *
Xiuhtonal closely misses the orc.
You hear some strange, mumbled words.
A magic dart appears from out of thin air!
The magic dart hits you!
You die...

##### #....#####
+....#...# #....#...#
#....#...# #....#...#
#....#@.##
#....+{.##...#
#....#o###...#
#...o#R.##...#
#....#...#...#
#....#.[.#...#
#....##'##...#
#....#..##...# #
#....#..##.).##...+....


You could see the friendly Xiuhtonal the ancestor and an orc.

Vanquished Creatures
  A hound (D:4)
  An orc priest (D:4)
  An orc wizard (D:4)
  A worker ant (D:4)
  Robin (D:1)
  2 adders (D:2)
  4 worms
  A dart slug (D:1)
  A giant gecko (D:1)
  An orc (D:2)
  8 bats
  7 giant cockroaches
  16 goblins
  10 hobgoblins
  5 kobolds
  A quokka (D:4)
  2 giant newts (D:2)
  10 rats
73 creatures vanquished.

Vanquished Creatures (others)
  An ancestor (D:4)
1 creature vanquished.

Grand Total: 74 creatures vanquished

Notes
Turn   | Place    | Note
--------------------------------------------------------------
     0 | D:1      | hypermopl the Vine Stalker Earth Elementalist began the quest for the Orb.
     0 | D:1      | Reached XP level 1. HP: 9/9 MP: 4/4
   107 | D:1      | Reached XP level 2. HP: 13/13 MP: 0/6
   116 | D:1      | Learned a level 2 spell: Passwall
   368 | D:1      | Reached skill level 4 in Earth Magic
   406 | D:1      | Reached XP level 3. HP: 12/16 MP: 2/7
   549 | D:1      | Upgraded the game from 0.19-a0-805-g0a78ef0 to 0.19-a0-811-gf4045fb
   755 | D:2      | Noticed Robin
   783 | D:2      | Reached XP level 4. HP: 11/21 MP: 3/8
   849 | D:1      | Killed Robin
   849 | D:1      | Reached skill level 5 in Earth Magic
  1089 | D:2      | Gained mutation: You have a pair of small horns on your head. [potion of beneficial mutation]
  1431 | D:3      | Reached skill level 1 in Fighting
  1628 | D:3      | Reached skill level 3 in Stealth
  1952 | D:4      | Reached XP level 5. HP: 23/25 MP: 9/9
  2165 | D:4      | Found a hazy altar of Hepliaklqana.
  2181 | D:4      | Became a worshipper of Hepliaklqana
  2245 | D:4      | Reached skill level 2 in Dodging
  2378 | D:4      | Reached skill level 4 in Stealth
  2378 | D:4      | Gained mutation: You heal very quickly. [Vine Stalker growth]
  2378 | D:4      | Reached XP level 6. HP: 7/30 MP: 3/10
  2390 | D:4      | Killed from afar by an orc wizard

Vault maps used:
D:1:      tarquinn_simple_flora_water_b
D:2:      uniq_robin
D:3:      first_bread
D:4:      overflow_temple_1_default, uniq_eustachio, uniq_purgy

Skill      XL: |  1  2  3  4  5 |
---------------+----------------+-----
Earth Magic    | 4 5 |  5.0
Fighting       | 1 |  1.8
Stealth        | 3 4 |  4.1
Dodging        | 2 |  2.3
Spellcasting   | |  2.1
Transmutations | |  1.0

Action                   |  1- 3 |  4- 6 || total
-------------------------+-------+-------++-------
Melee: Unarmed           |     8 |       ||     8
       Bite              |     7 |    25 ||    32
       Spear             |    73 |    58 ||   131
       Whip              |       |    42 ||    42
       Dagger            |       |    31 ||    31
       Headbutt          |       |    11 ||    11
Throw: Stone             |     1 |       ||     1
 Cast: Sandblast         |    39 |     7 ||    46
  Use: Scroll            |       |    12 ||    12
       Potion            |       |     2 ||     2
 Stab: Sleeping          |     1 |     4 ||     5
       Distracted        |       |     1 ||     1
  Eat: Chunk             |       |     5 ||     5
Armor: Robe              |    19 |    30 ||    49
Dodge: Dodged            |    46 |    71 ||   117
